 Dungeon Crawl Stone Soup version 0.23-a0-169-gb21e695 (webtiles) character file.

99 grindst0ne the Skirmisher (level 4, 0/45 HPs)
             Began as a Naga Warper on Sept 11, 2018.
             Slain by a gnoll
             ... wielding a +0 halberd
              (3 damage)
             ... on level 2 of the Dungeon.
             The game lasted 00:03:40 (2473 turns).

grindst0ne the Skirmisher (Naga Warper)             Turns: 2473, Time: 00:03:40

Health: 0/45       AC:  2    Str: 13    XL:     4   Next: 72%
Magic:  7/7        EV:  9    Int: 13    God:
Gold:   105        SH:  0    Dex: 12    Spells: 7/7 levels left

rFire    + . .     SeeInvis +   a - +0 mace
rCold    + . .     Gourm    .   (no shield)
rNeg     . . .     Faith    .   b - +0 leather armour
rPois    +         Spirit   .   (no helmet)
rElec    +         Reflect  .   (no cloak)
rCorr    +         Harm     .   (no gloves)
MR       .....                  (no barding)
Stlth    +.........             (no amulet)
HPRegen  0.15/turn              (no ring)
MPRegen  0.10/turn              (no ring)

@: short of breath, resistant, very slow
A: large, see invisible, deformed body, poison resistance, slowness 2, slow
metabolism 1, spit poison 1, AC +1
a: Spit Poison


You were on level 2 of the Dungeon.
You were not hungry.

You visited 1 branch of the dungeon, and saw 2 of its levels.

You collected 105 gold pieces.

Inventory:

Hand Weapons
 a - a +0 mace (weapon)
Missiles
 j - 5 tomahawks (quivered)
 k - 4 javelins
Armour
 b - a +0 leather armour (worn)
 e - a +0 shield
Scrolls
 c - 4 scrolls of identify {unknown}
 d - a scroll of blinking
 g - a scroll of fog {unknown}
 h - a scroll of teleportation {unknown}
 l - a scroll of magic mapping {unknown}
Comestibles
 f - 4 rations
 m - a chunk of flesh


   Skills:
 + Level 4.8 Fighting
 - Level 2.0 Maces & Flails
 - Level 0.8 Throwing
 - Level 0.7 Armour
 - Level 1.5 Dodging
 - Level 2.0 Spellcasting
   Level 3.0 Translocations


You had 7 spell levels left.
You didn't know any spells.
Your spell library contained the following spells:

 Spells                   Type           Power        Failure   Level  Hunger
 Blink                    Tloc           N/A          14%         2    ###....
 Shroud of Golubria       Chrm/Tloc      #.........   26%         2    ###....
 Gell's Gravitas          Tloc           #.........   28%         3    ####...
 Lesser Beckoning         Tloc           #.........   28%         3    ####...
 Teleport Other           Tloc           #.......     28%         3    ####...
 Passage of Golubria      Tloc           N/A          67%         4    #####..


Dungeon Overview and Level Annotations

Branches:
Dungeon (2/15)

Altars:


Innate Abilities, Weirdness & Mutations

You cannot wear boots.
Your serpentine skin is tough. (AC +1)
You have supernaturally acute eyesight. (SInv)
Armour fits poorly on your strangely shaped body.
Your system is resistant to poisons. (rPois)
You cover ground very slowly.
You have a slow metabolism.
You can spit poison.


Message History

Aim: a gnoll, wielding a halberd (heavily wounded)
The splash of poison hits the gnoll.
The gnoll is poisoned.
The gnoll is almost dead.
You feel slightly more hungry.
You kill the gnoll!
You have got your breath back.
Press: ? - help, Shift-Dir - straight line, f - gnoll
Aim: a gnoll, wielding a halberd The splash of poison misses the gnoll.
You feel slightly more hungry. The gnoll closely misses you.
You have got your breath back.
The gnoll hits you from afar with a halberd!
* * * LOW HITPOINT WARNING * * *
Press: ? - help, Shift-Dir - straight line, f/p - gnoll
Aim: a gnoll, wielding a halberd The splash of poison hits the gnoll.
The gnoll is poisoned.
The gnoll is moderately wounded.
You feel slightly more hungry.
The gnoll hits you from afar with a halberd.
You die...

...#
#.######.#.###.###[#
##.# #.# #...........
#.# #.# #.(.#####..# #.#
#.# #...# #..#
#.###.######...#####..#
#.....................#
##....######..#.#####.#
#.#### #..#.# #.# #.#
####..#@# #.# #.#
#.....#.# #.# ###>##
##.###.#g#####.# .....#
##..# #.........#
##...###.#.#####.#######
........###.# #.#
.....###.#.#####.#
.....).......g.).#
.....####..###.###


You could see a gnoll.

Vanquished Creatures
  2 gnolls (D:2)
  3 adders (D:2)
  2 oozes
  A dart slug (D:1)
  2 leopard geckos
  A ball python (D:1)
  10 goblins
  5 hobgoblins
  5 kobolds
  4 bats
  A frilled lizard (D:1)
  5 rats
41 creatures vanquished.

Notes
Turn   | Place    | Note
-------+----------+-------------------------------------------
     0 | D:1      | grindst0ne the Naga Warper began the quest for the Orb.
     0 | D:1      | Reached XP level 1. HP: 19/19 MP: 3/3
   111 | D:1      | Reached XP level 2. HP: 17/27 MP: 5/5
   435 | D:1      | Reached skill level 3 in Fighting
   940 | D:1      | Reached XP level 3. HP: 31/34 MP: 6/6
  1679 | D:2      | Reached skill level 4 in Fighting
  1699 | D:2      | Reached XP level 4. HP: 15/44 MP: 7/7
  2473 | D:2      | Slain by a gnoll

Vault maps used:
D:1:      nicolae_arrival_washed_ashore, minmay_heptomino_h4

Skill      XL: |  1  2  3 |
---------------+----------+-----
Fighting       | 3 4 |  4.8
Maces & Flails | |  2.0
Throwing       | |  0.8
Armour         | |  0.7
Dodging        | |  1.5
Spellcasting   | |  2.0
Translocations | |  3.0

Action                   |  1- 3 |  4- 6 || total
-------------------------+-------+-------++-------
Melee: Mace              |   125 |    31 ||   156
Throw: Tomahawk          |     5 |     1 ||     6
 Abil: Spit Poison       |     1 |     7 ||     8
  Use: Potion            |     1 |     1 ||     2
  Eat: Chunk             |     1 |     3 ||     4
Armor: Leather armour    |    32 |     8 ||    40
Dodge: Dodged            |    70 |    24 ||    94

Table legend:
 A = Non-vault XP
 B = Vault XP
 C = Vault XP percentage of total XP
 D = Non-vault monster count
 E = Vault monster count
 F = Vault count percentage of total count
                 A         B        C        D         E       F
            +---------+---------+-------+---------+---------+-------
      Total |     138 |       4 |   2.8 |      38 |       3 |   7.3
            +---------+---------+-------+---------+---------+-------
        D:1 |      41 |       4 |   8.9 |      20 |       3 |  13.0
        D:2 |      97 |       0 |   0.0 |      18 |       0 |   0.0
            +---------+---------+-------+---------+---------+-------
